Map: Deathaura LE

Players

Serral - Winner!

  • Race: Zerg Zerg
  • Spawn Location: 11:00

TYTY (TY)

  • Race: Terran Terran
  • Spawn Location: 5:00

VOD

Have the link to the VOD?

Description

Time

  • Played on: Jan. 17, 2021, 9:08 a.m.
  • Length: 23:54
Show
View Real Time Build Order
Export as new Build Order

Serral Zerg - Winner!

Build Orders: Pool First, Muta Ling Bane 

Get SALT Encoding   

  12  0:00  Drone  
  13  0:12  Overlord  
  13  0:17  Drone  
  14  0:30  Drone x2  
  14  0:34  Drone  
  17  0:44  Extractor, Drone  
  17  0:49  Spawning Pool  
  16  0:55  Drone  
  17  1:06  Drone  
  18  1:17  Hatchery  
  17  1:22  Drone  
  18  1:35  Queen  
  18  1:36  Zergling x2  
  18  1:39  Zergling x2  
  22  1:45  Metabolic Boost  
  22  1:52  Overlord  
  22  2:10  Zergling x2  
  22  2:11  Zergling x2, Queen  
  26  2:21  Drone  
  27  2:29  Queen, Drone  
  28  2:34  Drone  
  31  2:40  Drone  
  31  2:42  Overlord  
  34  2:44  Drone x2  
  34  2:51  Drone  
  34  2:54  Drone  
  36  3:04  Hatchery  
  34  3:07  Drone  
  34  3:09  Drone  
  35  3:17  Zergling x2  
  35  3:18  Zergling x2  
  36  3:20  Overlord  
  36  3:23  Queen  
  36  3:25  Drone  
  39  3:28  Drone  
  39  3:31  Drone  
  39  3:32  Drone  
  42  3:36  Drone  
  42  3:40  Zergling x2  
  44  3:42  Drone  
  44  3:43  Baneling Nest  
  44  3:44  Drone  
  45  3:51  Zergling x8  
  45  3:55  Overlord  
  49  3:58  Zergling x2  
  49  3:59  Zergling x2  
  51  4:09  Evolution Chamber  
  50  4:12  Queen  
  53  4:18  Drone  
  53  4:19  Drone x2  
  53  4:20  Drone x2  
  53  4:21  Queen  
  58  4:27  Zergling x4  
  58  4:28  Drone x3  
  58  4:31  Lair  
  63  4:34  Drone x2  
  63  4:37  Overlord  
  65  4:40  Spore Crawler  
  65  4:41  Drone  
  65  4:45  Spore Crawler  
  64  4:46  Drone, Baneling x2  
  64  4:52  Overlord  
  65  4:53  Spore Crawler, Drone  
  65  4:56  Drone x3  
  65  4:57  Drone  
  65  4:58  Drone  
  71  5:02  Zergling x2  
  71  5:03  Drone, Baneling  
  73  5:07  Overlord x2  
  73  5:13  Extractor  
  72  5:14  Extractor  
  72  5:18  Zergling x4  
  72  5:19  Zergling x2  
  74  5:25  Drone x3  
  74  5:26  Drone x2  
  79  5:34  Drone  
  78  5:36  Drone x7  
  78  5:37  Drone  
  85  5:43  Extractor  
  85  5:46  Drone x2  
  85  5:48  Extractor x2  
  83  5:50  Spire  
  83  5:51  Overlord  
  83  5:56  Zergling x4  
  84  5:59  Drone  
  84  6:01  Drone x2  
  84  6:02  Drone  
  87  6:07  Drone  
  87  6:09  Drone  
  87  6:10  Drone  
  90  6:12  Drone x2  
  90  6:18  Spore Crawler, Drone  
  92  6:22  Centrifical Hooks  
  92  6:23  Overlord  
  92  6:24  Drone x4  
  96  6:34  Overlord x2, Drone, Evolution Chamber x2  
  96  6:38  Overlord  
  95  6:41  Hatchery  
  95  6:45  Zergling x6  
  95  6:46  Zergling x10  
  102  6:49  Zergling x6  
  105  7:02  Zerg Ground Armor Level 1, Zerg Melee Weapons Level 1, Mutalisk  
  105  7:03  Mutalisk x2  
  105  7:05  Zerg Flyer Weapons Level 1  
  105  7:07  Mutalisk x2  
  115  7:10  Zergling x6  
  115  7:15  Baneling x4  
  118  7:16  Baneling  
  118  7:18  Overlord  
  118  7:19  Zergling x4  
  118  7:20  Zergling x8  
  121  7:26  Queen  
  119  7:30  Zergling x6  
  119  7:38  Baneling x6  
  118  7:46  Mutalisk  
  118  7:47  Mutalisk x2  
  118  7:50  Overlord  
  118  7:51  Zergling x16  
  132  7:52  Hatchery  
  131  8:03  Pneumatized Carapace  
  131  8:05  Overlord  
  131  8:06  Overlord, Mutalisk  
  131  8:07  Hatchery  
  131  8:09  Mutalisk x2  
  136  8:17  Zergling x2  
  137  8:23  Zergling x2  
  137  8:24  Zergling x12  
  144  8:33  Mutalisk x3  
  149  8:39  Baneling x3  
  149  8:40  Overlord  
  149  8:43  Zergling x8  
  149  9:04  Zergling x22  
  149  9:08  Queen  
  149  9:09  Mutalisk  
  162  9:10  Mutalisk  
  162  9:13  Mutalisk  
  161  9:22  Mutalisk x2  
  163  9:26  Queen  
  163  9:30  Zergling x14  
  172  9:34  Zerg Flyer Weapons Level 2  
  171  9:39  Zerg Melee Weapons Level 2, Zerg Ground Armor Level 2  
  171  9:40  Overlord x2  
  171  9:42  Zergling x14  
  178  9:51  Overlord  
  178  9:53  Drone x3  
  181  10:01  Drone x4  
  181  10:04  Drone x5  
  190  10:10  Extractor  
  190  10:11  Drone x7  
  190  10:12  Spore Crawler, Drone  
  190  10:13  Overseer  
  196  10:15  Baneling x12  
  196  10:18  Burrow  
  196  10:21  Baneling  
  196  10:22  Baneling  
  196  10:32  Mutalisk  
  196  10:33  Mutalisk  
  196  10:34  Drone x3  
  199  10:41  Baneling x9  
  199  10:45  Infestation Pit  
  199  10:48  Baneling  
  199  10:49  Baneling x2  
  196  10:52  Spine Crawler, Spore Crawler, Drone x3  
  196  10:55  Extractor, Drone  
  196  10:56  Drone x2  
  180  11:16  Zergling x58  
  180  11:18  Hatchery  
  195  11:20  Baneling x6  
  195  11:21  Baneling x9  
  195  11:24  Zergling x8  
  198  11:29  Mutalisk x2  
  198  11:30  Mutalisk x2  
  198  11:38  Baneling x5  
  193  11:47  Baneling x2  
  193  11:48  Zergling x10  
  193  11:49  Zergling x6  
  197  11:55  Overseer  
  197  12:01  Drone x3  
  195  12:02  Hive  
  195  12:04  Baneling x10  
  195  12:06  Zerg Flyer Armor Level 1  
  195  12:07  Zergling x10  
  198  12:21  Zergling x2  
  198  12:22  Zergling x18  
  200  12:36  Baneling x2  
  200  12:44  Hatchery  
  200  12:51  Baneling x8  
  190  13:07  Zergling x18  
  199  13:14  Zerg Melee Weapons Level 3  
  199  13:15  Zerg Ground Armor Level 3, Adrenal Glands  
  199  13:20  Baneling x2  
  199  13:21  Baneling x2  
  197  13:30  Baneling x4  
  197  13:31  Overseer  
  187  13:38  Zergling x34  
  187  13:39  Overlord  
  196  13:42  Overseer  
  196  13:44  Overlord  
  191  13:51  Zergling x32  
  192  13:59  Zergling x16  
  196  14:08  Zergling x12  
  191  14:11  Baneling x4  
  191  14:15  Zergling x10  
  195  14:19  Drone  
  195  14:20  Ultralisk Cavern  
  167  14:24  Baneling x2  
  167  14:25  Mutalisk x5  
  177  14:34  Zergling x28  
  177  14:36  Baneling x10  
  191  14:48  Zergling x10  
  191  14:50  Hatchery  
  186  15:05  Zergling x32  
  176  15:11  Chitinous Plating  
  160  15:17  Ultralisk x5  
  160  15:20  Baneling x12  
  186  15:22  Zergling x2  
  186  15:25  Baneling x2  
  186  15:28  Mutalisk x3  
  193  15:39  Mutalisk x3  
  199  15:49  Baneling x4  
  198  15:52  Zergling x8  
  199  16:10  Zergling x28  
  199  16:13  Zergling x2  
  199  16:14  Zergling x2  
  200  16:30  Anabolic Synthesis  
  189  16:36  Zergling x6  
  189  16:37  Zergling x18  
  199  16:41  Baneling x5  
  199  16:50  Baneling x9  
  199  16:51  Zergling x2  
  199  16:57  Baneling x10  
  195  17:01  Zergling x8  
  195  17:05  Baneling x3  
  191  17:14  Zergling x48  
  198  17:19  Baneling x2  
  198  17:21  Drone  
  193  17:26  Zergling x2  
  193  17:27  Zergling x8  
  187  17:35  Ultralisk  
  187  17:37  Hatchery, Baneling  
  185  17:38  Baneling x15  
  183  17:50  Zergling x18  
  181  17:58  Ultralisk x3  
  181  17:59  Ultralisk x2  
  194  18:11  Baneling x12  
  194  18:12  Zergling x2  
  191  18:13  Zergling x4  
  191  18:14  Zergling x6  
  195  18:26  Zergling x6  
  196  18:38  Overlord  
  191  18:43  Overlord  
  191  18:44  Overlord  
  191  18:49  Hatchery  
  191  18:51  Overseer  
  190  18:56  Hatchery, Baneling x3  
  190  18:57  Baneling  
  190  18:58  Baneling x4  
  190  18:59  Zergling x12, Baneling x5  
  195  19:03  Hatchery  
  188  19:11  Zergling x12  
  182  19:23  Zergling x12  
  172  19:29  Baneling  
  172  19:30  Baneling x10  
  166  19:38  Zergling x10  
  152  19:50  Ultralisk  
  152  19:55  Zergling x14  
  159  20:03  Overseer  
  159  20:04  Mutalisk x2  
  163  20:07  Infestor  
  163  20:11  Baneling x2  
  163  20:12  Baneling x6  
  163  20:13  Drone  
  163  20:14  Drone  
  167  20:16  Drone  
  163  20:33  Ultralisk x2  
  174  20:39  Zergling x14  
  181  20:50  Extractor  
  181  20:51  Extractor  
  181  20:56  Zergling x18  
  187  20:59  Baneling x2  
  187  21:00  Baneling  
  186  21:11  Zergling x10  
  186  21:18  Hatchery  
  180  21:22  Mutalisk x2  
  184  21:36  Zergling x6  
  184  21:37  Zergling x6  
  190  21:42  Baneling  
  190  21:43  Baneling x9  
  190  21:46  Zergling x8  
  191  21:57  Zergling x4, Ultralisk  
  187  22:09  Zergling x10  
  174  22:17  Ultralisk  
  174  22:18  Zergling x4, Ultralisk  
  178  22:30  Extractor, Drone x3  
  178  22:33  Extractor, Infestor, Drone x2  
  178  22:35  Zergling x16  
  189  22:42  Drone x2  
  189  22:43  Baneling  
  189  22:44  Baneling x13  
  191  22:48  Zergling x10  
  191  22:50  Baneling x4  
  196  22:53  Unknown  
  192  22:58  Zergling x8  
  172  23:17  Zergling x22  
  174  23:20  Unknown  
  174  23:21  Drone x3  
  174  23:22  Overseer  
  174  23:23  Zergling x6  
  170  23:28  Baneling x8  
  170  23:33  Zergling x12  
Show
View Real Time Build Order
Export as new Build Order

TYTY Terran 

Build Orders: Hellion Opening 

Get SALT Encoding   

  12  0:00  SCV  
  13  0:12  SCV  
  14  0:17  Supply Depot  
  14  0:24  SCV  
  14  0:27  Refinery  
  15  0:38  SCV  
  16  0:44  Barracks  
  16  0:50  SCV  
  17  1:03  SCV  
  18  1:15  SCV  
  19  1:30  Orbital Command  
  19  1:31  Barracks Reactor  
  19  1:41  Command Center  
  19  1:51  Factory  
  19  1:56  SCV  
  20  2:02  Supply Depot  
  20  2:07  Marine  
  20  2:08  Marine  
  21  2:11  SCV  
  23  2:24  SCV, Marine  
  23  2:26  Marine  
  26  2:36  Starport  
  27  2:39  SCV  
  27  2:43  Refinery  
  27  2:49  Hellion x2  
  31  2:53  SCV  
  31  2:57  Orbital Command  
  32  3:05  SCV  
  33  3:10  Hellion  
  31  3:15  Medivac  
  31  3:17  Barracks Tech Lab, SCV  
  34  3:21  Hellion  
  34  3:24  SCV  
  37  3:29  SCV  
  38  3:36  Supply Depot, SCV  
  38  3:39  Hellion  
  41  3:41  SCV  
  41  3:44  Hellion  
  41  3:48  SCV  
  45  3:49  Barracks Tech Lab  
  45  3:55  SCV  
  46  3:59  Supply Depot, Raven  
  46  4:01  SCV  
  51  4:03  Hellion  
  51  4:07  SCV  
  51  4:09  Supply Depot  
  52  4:15  SCV  
  53  4:23  Stimpack, Marine  
  54  4:26  SCV  
  56  4:31  SCV  
  56  4:34  Command Center  
  56  4:38  SCV  
  57  4:42  Marine  
  58  4:46  Raven  
  58  4:50  SCV  
  58  4:51  Supply Depot  
  61  4:55  Barracks  
  61  4:57  Barracks  
  61  4:58  Factory Reactor  
  61  4:59  SCV  
  62  5:02  SCV  
  62  5:03  Marine  
  64  5:11  SCV  
  66  5:14  SCV  
  66  5:17  Refinery  
  66  5:18  Refinery  
  66  5:21  Marine  
  66  5:23  Engineering Bay x2, SCV  
  66  5:26  SCV  
  67  5:36  SCV  
  67  5:38  SCV  
  67  5:39  Marine  
  67  5:41  Starport Reactor  
  70  5:48  Orbital Command, SCV  
  70  5:49  Siege Tank, Marine x2  
  76  5:50  SCV, Marine  
  76  5:51  Marine  
  79  5:57  Marine  
  79  6:00  SCV  
  79  6:02  SCV  
  80  6:07  Marine  
  80  6:08  Combat Shield  
  80  6:10  Marine  
  80  6:11  Marine  
  83  6:12  Barracks x2, SCV  
  83  6:13  Orbital Command  
  83  6:17  Medivac x2  
  88  6:24  Terran Infantry Weapons Level 1  
  88  6:25  Supply Depot  
  88  6:28  Terran Infantry Armor Level 1  
  88  6:29  Marine x3  
  88  6:31  Marine  
  92  6:35  Supply Depot  
  92  6:45  Marine  
  92  6:46  Siege Tank, Marine x2  
  98  6:47  Marine  
  99  6:56  Armory  
  99  6:57  Marine  
  99  7:00  Barracks Reactor x2  
  100  7:02  SCV x3  
  100  7:03  Marine  
  104  7:08  Marine x3  
  104  7:10  Supply Depot  
  104  7:13  Supply Depot  
  104  7:14  SCV x2  
  109  7:32  SCV x2, Marine x4  
  109  7:35  SCV  
  116  7:37  Medivac x2  
  116  7:41  Marine x2  
  116  7:42  Command Center, Marine x3  
  123  7:47  Terran Vehicle Weapons Level 1, Refinery  
  123  7:48  Refinery  
  123  7:50  Marine  
  125  7:55  SCV  
  125  7:56  Supply Depot  
  125  7:57  Supply Depot  
  125  7:59  Missile Turret, Drilling Claws, SCV x2  
  125  8:00  Siege Tank  
  130  8:06  Supply Depot x3  
  130  8:08  SCV  
  130  8:09  Factory  
  130  8:11  SCV x2  
  133  8:14  Missile Turret  
  133  8:15  Missile Turret  
  133  8:18  Marine x4  
  137  8:20  SCV  
  137  8:23  SCV x2  
  137  8:25  Marine x2  
  137  8:26  Marine  
  143  8:32  Terran Infantry Weapons Level 2, SCV  
  143  8:33  Marine x2  
  146  8:35  SCV  
  146  8:39  Siege Tank  
  146  8:40  Marine x2  
  146  8:41  Marine x2  
  154  8:42  Medivac  
  156  8:54  SCV, Marine  
  156  8:55  Marine x4  
  146  9:00  Terran Infantry Armor Level 2  
  139  9:09  Marine x3  
  132  9:14  Siege Tank  
  132  9:16  SCV  
  132  9:17  SCV  
  134  9:24  Barracks Reactor, Starport Reactor  
  134  9:25  SCV  
  134  9:28  SCV  
  134  9:29  Factory Reactor  
  136  9:33  Missile Turret  
  136  9:36  Missile Turret, Marine x2  
  139  9:43  SCV x2  
  137  9:47  Thor  
  137  9:52  Planetary Fortress, Sensor Tower  
  143  9:53  SCV  
  143  9:55  SCV  
  145  10:01  Terran Vehicle And Ship Armor Level 1  
  145  10:05  SCV x2  
  147  10:07  Barracks x2  
  147  10:08  Barracks  
  147  10:13  Widow Mine x2  
  151  10:14  Missile Turret  
  151  10:16  SCV  
  151  10:17  SCV x2  
  151  10:18  Marauder, Marine x8  
  164  10:32  Thor  
  170  10:36  Marine x5  
  170  10:37  Widow Mine x2  
  170  10:41  SCV  
  170  10:42  SCV  
  181  10:48  Missile Turret  
  181  10:49  Marine x2  
  182  10:55  Marine x3  
  182  10:56  Marauder  
  188  11:07  Medivac  
  187  11:13  Medivac, Widow Mine x2  
  187  11:14  Marine  
  187  11:15  Marine x3  
  187  11:18  Supply Depot  
  186  11:33  Command Center  
  186  11:48  Command Center  
  186  11:49  Supply Depot  
  183  11:56  Terran Infantry Weapons Level 3  
  183  12:00  Terran Infantry Armor Level 3  
  181  12:06  Marine  
  181  12:07  Marine  
  181  12:10  Medivac, Marine x2  
  181  12:11  Widow Mine x2  
  188  12:16  Widow Mine  
  179  12:23  Marine  
  179  12:24  Marine x5  
  179  12:27  Barracks Tech Lab  
  183  12:32  Barracks Tech Lab  
  183  12:33  Marine x3  
  183  12:35  Barracks Tech Lab, Widow Mine  
  183  12:36  Missile Turret  
  188  12:44  Missile Turret  
  188  12:49  Marine  
  189  12:53  Marine x4  
  189  12:54  Marauder, Widow Mine  
  197  13:00  Medivac x2  
  197  13:01  Planetary Fortress  
  200  13:06  Missile Turret  
  200  13:07  Terran Vehicle And Ship Armor Level 2  
  200  13:14  Factory  
  200  13:21  Missile Turret  
  198  13:31  Marauder x2  
  188  13:35  Marauder  
  188  13:36  Marauder  
  188  13:39  Marine x2  
  188  13:40  Medivac x2  
  191  13:42  Widow Mine x3  
  193  13:52  Marine x4  
  193  13:53  Marauder x2  
  193  13:54  Marine x2  
  175  13:57  Marauder x2, SCV x3  
  175  14:00  Command Center  
  180  14:03  Widow Mine x2  
  180  14:08  Marine x2  
  180  14:09  Marine  
  168  14:15  Thor  
  172  14:17  Marauder x2, Marine x2  
  172  14:18  Marauder, Marine  
  172  14:23  SCV  
  172  14:24  Widow Mine x2, SCV x2  
  180  14:28  Marine  
  180  14:29  Marine x3  
  187  14:36  Marine x2  
  187  14:37  Marine  
  190  14:43  Marine x3  
  192  14:46  Widow Mine x2  
  192  14:48  Marine  
  192  14:49  Marine x3  
  192  14:52  Concussive Shells  
  199  14:56  Marine x2  
  197  15:05  Thor  
  197  15:06  Marine x2  
  188  15:08  Marine  
  188  15:09  Marine x3  
  188  15:13  Marine x2  
  188  15:14  Marine  
  184  15:19  Marine x3  
  183  15:24  Marine  
  184  15:29  Medivac  
  184  15:30  Medivac  
  184  15:34  Widow Mine x2  
  188  15:45  Factory Reactor  
  188  15:48  Widow Mine  
  185  15:59  Medivac  
  185  16:00  Medivac  
  185  16:02  Marauder x3  
  185  16:03  Planetary Fortress  
  195  16:06  Missile Turret  
  195  16:08  Missile Turret, Marauder  
  193  16:14  Marine x5  
  193  16:15  Marine x2  
  198  16:26  Missile Turret, Marauder  
  188  16:33  Barracks  
  188  16:35  Barracks  
  188  16:36  Marauder x3  
  194  16:44  Ghost Academy  
  193  16:49  Widow Mine x3  
  199  16:58  Terran Vehicle And Ship Armor Level 3  
  189  17:03  Marauder x2, Marine x2  
  189  17:06  Marine  
  189  17:07  Marine x3  
  197  17:11  Marine x3  
  197  17:13  Marine  
  187  17:21  Marine x2  
  180  17:24  Ghost x2, Marine x3  
  180  17:25  Marine  
  180  17:29  Barracks Tech Lab x2, Ghost, Marine x2  
  173  17:30  Ghost  
  173  17:33  Widow Mine x2  
  173  17:34  Widow Mine x3  
  177  17:39  Marine x2  
  177  17:42  Marine x2  
  173  17:57  Marauder x4  
  170  17:58  Marauder  
  170  18:00  Marauder  
  163  18:16  Widow Mine x3  
  163  18:17  Marine x4  
  163  18:18  Marauder, Marine x2  
  163  18:19  Marauder  
  177  18:23  Orbital Command, Marine x2  
  174  18:38  Marauder x4  
  174  18:39  Marine  
  174  18:40  Marauder x2  
  186  18:41  Marine  
  184  18:55  Marine x2  
  176  19:11  Ghost x2  
  155  19:18  Marine  
  155  19:22  Widow Mine x3  
  155  19:23  Marauder x2, Marine  
  153  19:28  Marine x2  
  153  19:29  Marauder x2, Marine x2  
  153  19:31  Widow Mine x2  
  140  19:38  Marine x3  
  140  19:39  Marine  
  120  19:51  Widow Mine  
  114  19:52  Marine  
  114  19:54  Marine x4  
  114  19:55  Medivac x2  
  114  19:59  Marauder x3  
  128  20:00  Marauder  
  128  20:01  Marine  
  128  20:02  Marine x2  
  132  20:10  Marine  
  132  20:12  Ghost x2  
  136  20:15  Marine x2  
  136  20:16  Marine  
  135  20:23  Ghost  
  135  20:28  Marine x6  
  137  20:31  Marine  
  137  20:33  Widow Mine x2  
  137  20:34  Widow Mine  
  150  20:37  Marine  
  150  20:38  Marine x3  
  150  20:41  Marine x2  
  154  20:46  Marine x3  
  154  20:49  Marine x2  
  157  21:03  Widow Mine x4  
  165  21:04  Marine  
  165  21:05  Marine x5  
  165  21:09  Orbital Command  
  165  21:10  Marine x2  
  173  21:14  Marine  
  173  21:15  Marine x2  
  173  21:16  Marine  
  179  21:32  Marine x2  
  180  21:33  Marauder x3  
  185  21:41  Ghost x2  
  185  21:46  Marine x4  
  193  21:51  Missile Turret  
  182  22:01  Marine x5  
  175  22:02  Marine x2  
  167  22:14  Widow Mine x3  
  156  22:22  Marine x9  
  150  22:32  Widow Mine x2  
  150  22:36  Widow Mine, Marine x5  
  161  22:40  Marine x4  
  165  22:45  Marine  
  166  22:56  Supply Depot  
  166  22:57  Supply Depot x2  
  159  23:10  Marine x2  
  159  23:11  Marine x5  
  148  23:17  Marine  
  148  23:18  Marauder  
  104  23:27  Marine x5  
  104  23:28  Marine  
  105  23:34  Marine  
  105  23:40  SCV x2  
Tags
 
Add a new tag
Caveats
  • Supply blocks, unpowered buildings, or Contaminate may cause inaccurate times.
  • Supply counts are checked every 10 seconds.